 Dungeon Crawl Stone Soup version 0.32-a0-616-g9348d4545b (webtiles) character file.

Game seed: 5209152349790579548

1941 adelrune the Skirmisher (level 9, 0/65 HPs)
             Began as a Coglin Hunter on Mar 5, 2024.
             Was an Initiate of Hepliaklqana.
             Slain by a two-headed ogre
             ... wielding a +0 giant spiked club
              (24 damage)
             ... on level 6 of the Dungeon.
             The game lasted 00:10:45 (5532 turns).

adelrune the Skirmisher (Coglin Hunter)             Turns: 5532, Time: 00:10:46

Health: 0/65       AC:  9    Str: 12    XL:     9   Next: 18%
Magic:  9/9        EV: 15    Int:  9    God:    Hepliaklqana [......]
Gold:   119        SH:  0    Dex: 21    Spells: 8/8 levels left

rFire   . . .        a - +2 sling {Kenzo}
rCold   . . .        d - +0 sling {Ingiyab}
rNeg    . . .        q - +0 acid dragon scales
rPois   .            (no helmet)
rElec   .            (no cloak)
rCorr   +            (no gloves)
SInv    .            o - +2 pair of boots
Will    .....        (amulet unavailable)
Stlth   ++           (ring unavailable)
HPRegen 0.30/turn    (ring unavailable)
MPRegen 0.11/turn    (no gizmo)

%: no passive effects
@: revved
A: off-hand wielding, slow wielding, warmup strikes, no jewellery
a: Invent Gizmo, Renounce Religion


You were on level 6 of the Dungeon.
You worshipped Hepliaklqana.
Hepliaklqana was noncommittal.
You visited 2 branches of the dungeon, and saw 7 of its levels.
You also visited: Sewer.

You collected 266 gold pieces.
You spent 147 gold pieces at shops.

Inventory:

Hand Weapons
 a - a +2 sling (weapon) {Kenzo}
 c - a +1 heavy sling {Lucius}
 d - a +0 sling (offhand) {Ingiyab}
Missiles
 l - 2 curare-tipped darts
Armour
 e - a scarf of harm
 o - a +2 pair of boots (worn)
 q - +0 acid dragon scales (worn)
 B - a +3 ring mail
 C - the +0 leather armour of Valour {rElec rPois rC+}
   (You bought it in a shop on level 4 of the Dungeon)

   rC+:       It protects you from cold.
   rElec:     It insulates you from electricity.
   rPois:     It protects you from poison.
Scrolls
 b - a scroll of butterflies
 g - 3 scrolls of identify
 i - a scroll of amnesia {unknown}
 j - 4 scrolls of teleportation
 n - a scroll of blinking {unknown}
 t - 2 scrolls of fog {unknown}
 u - a scroll of revelation {unknown}
 v - a scroll of enchant armour {unknown}
 y - a scroll of brand weapon {unknown}
 D - a scroll of enchant weapon {unknown}
Potions
 f - 3 potions of attraction
 h - 4 potions of brilliance
 k - a potion of degeneration {unknown}
 m - a potion of lignification {unknown}
 p - 4 potions of curing
 r - a potion of resistance
 s - 2 potions of enlightenment {unknown}
 w - 2 potions of mutation {unknown}
 x - 2 potions of might {unknown}
 z - a potion of heal wounds {unknown}
 A - a potion of magic {unknown}


   Skills:
 - Level 3.9 Fighting
 * Level 9.0 Ranged Weapons
 - Level 2.0 Armour
 + Level 5.9 Dodging
 - Level 0.7 Stealth


You had 8 spell levels left.
You didn't know any spells.
Your spell library contained the following spells:

 Spells                   Type           Power      Damage    Failure   Level
 Lesser Beckoning         Tloc           0%         N/A       65%         2
 Static Discharge         Conj/Air       0%         3-3/arc   65%         2
 Gell's Gravitas          Tloc           0%         N/A       87%         3
 Teleport Other           Tloc           0%         N/A       87%         3
 Airstrike                Air            0%         2d(0-16)  99%         4
 Summon Lightning Spire   Summ/Air       0%         N/A       99%         4


Dungeon Overview and Level Annotations

Branches:
Dungeon (6/15)             Temple (1/1) D:4           Sewer (visited)

Altars:
Ashenzari
Dithmenos
Elyvilon
Hepliaklqana
Kikubaaqudgha
Makhleb
Nemelex Xobeh
Okawaru
Ru
Trog
Uskayaw
Vehumet
Xom
Yredelemnul
Zin

Shops:
D:4 [*==[

Annotations:
Temple 2 transporters


Innate Abilities, Weirdness & Mutations

You can wield a second weapon in your off-hand.
It takes a long time for you to wield or remove held weapons.
Your first few attacks do less damage.
You cannot equip rings or amulets.


Message History

The two-headed ogre is lightly wounded.
You shoot a sling bullet.
The sling bullet hits the two-headed ogre but does no damage.
The two-headed ogre is lightly wounded.
You shoot a sling bullet.
The sling bullet hits the two-headed ogre.
The two-headed ogre is lightly wounded.
You shoot a sling bullet.
The sling bullet completely misses the two-headed ogre.
You shoot a sling bullet.
The sling bullet hits the two-headed ogre.
The two-headed ogre is lightly wounded.
You shoot a sling bullet.
The sling bullet hits the two-headed ogre.
The two-headed ogre is moderately wounded.
An ice beast comes into view.
The two-headed ogre hits you with a +0 giant spiked club!
The two-headed ogre barely misses you.
You shoot a sling bullet.
The sling bullet closely misses the two-headed ogre.
You shoot a sling bullet.
The sling bullet hits the two-headed ogre.
The two-headed ogre is moderately wounded.
You shoot a sling bullet.
The sling bullet hits the two-headed ogre.
The two-headed ogre is moderately wounded.
You shoot a sling bullet.
The sling bullet hits the two-headed ogre!
The two-headed ogre is heavily wounded.
The two-headed ogre hits you with a +0 giant spiked club!!
The two-headed ogre barely misses you.
You shoot a sling bullet.
The sling bullet hits the two-headed ogre but does no damage.
The two-headed ogre is heavily wounded.
You shoot a sling bullet.
The sling bullet hits the two-headed ogre.
The two-headed ogre is heavily wounded.
The two-headed ogre hits you with a +0 giant spiked club!!
You die...
Hepliaklqana delivers you to your ancestors.

##+# ##...##
##.....##
##.......##
#.........####...
+........@O..Y...
#.........####...
#.......##
##...(.## ##...##
##'## #.#
#.#######
##.......#


You could see a two-headed ogre and an ice beast.

Vanquished Creatures
  Menkaure (D:5)
  2 water moccasins
  An ice beast (D:4)
  A black bear (D:5)
  An orc warrior (D:5)
  An ogre (D:6)
  A phantom (D:4)
  A kobold brigand (Sewer)
  Blork the orc (D:5)
  3 scorpions
  2 bombardier beetles (D:5)
  3 orc priests (D:3)
  A jelly (D:5)
  A gnoll bouda (D:4)
  2 hounds
  3 sleepcaps
  3 iguanas
  Terence (D:2)
  2 orc wizards
  Robin (D:3)
  14 adders
  3 gnolls (D:4)
  2 shadow imps
  A white imp (D:6)
  2 ufetubi (D:6)
  2 dart slugs
  5 ribbon worms
  24 orcs
  5 bats
  9 endoplasms
  7 giant cockroaches
  11 goblins
  9 hobgoblins
  2 jackals (D:2)
  3 quokkas
  11 ball pythons
  4 frilled lizards
  11 kobolds
  8 rats
165 creatures vanquished.

Notes
Turn   | Place    | Note
-------+----------+-------------------------------------------
     0 | D:1      | adelrune the Coglin Hunter began the quest for the Orb.
     0 | D:1      | Reached XP level 1. HP: 16/16 MP: 1/1
   203 | D:1      | Reached XP level 2. HP: 22/22 MP: 2/2
   325 | D:1      | Reached skill level 4 in Ranged Weapons
   412 | D:1      | Reached XP level 3. HP: 28/28 MP: 3/3
   723 | D:2      | Noticed Terence
   733 | D:2      | Killed Terence
   734 | D:2      | Reached XP level 4. HP: 20/34 MP: 4/4
  1363 | D:3      | Reached XP level 5. HP: 40/40 MP: 5/5
  1581 | D:3      | Noticed Robin
  1586 | D:3      | Killed Robin
  1611 | D:3      | Reached skill level 5 in Ranged Weapons
  1955 | D:4      | Found Ivaew's Assorted Antiques.
  1959 | D:4      | Found Ripser's Jewellery Shop.
  1964 | D:4      | Noticed an ice beast
  1975 | D:4      | Killed an ice beast
  1976 | D:4      | Reached skill level 1 in Armour
  1976 | D:4      | Reached XP level 6. HP: 24/47 MP: 6/6
  2165 | D:4      | Found a glowing silver altar of Zin.
  2187 | D:4      | Found a staircase to the Ecumenical Temple.
  2201 | Temple   | Found a transporter.
  2201 | Temple   | Found a transporter.
  2201 | Temple   | Found a transporter.
  2201 | Temple   | Found a transporter.
  2201 | Temple   | Entered the Ecumenical Temple
  2220 | D:4      | Reached XP level 7. HP: 52/53 MP: 7/7
  2318 | D:4      | Found Oreu's Jewellery Shoppe.
  2338 | D:4      | Found a glowing drain.
  2355 | Sewer    | Entered a sewer
  2552 | Sewer    | Reached skill level 6 in Ranged Weapons
  2702 | D:4      | Found Egugg's Antique Armour Emporium.
  2824 | D:4      | Found Qojyffaa's Antique Armour Shoppe.
  3087 | D:4      | Bought a bloodstained leather armour for 147 gold pieces
  3087 | D:4      | Identified the +0 leather armour of Valour {rElec rPois
                  | rC+} (You bought it in a shop on level 4 of the Dungeon)
  3123 | D:4      | Found a basalt altar of Yredelemnul.
  3487 | D:5      | Entered Level 5 of the Dungeon
  3505 | D:4      | Reached XP level 8. HP: 30/60 MP: 8/8
  3796 | D:5      | Reached skill level 7 in Ranged Weapons
  4210 | D:5      | Noticed Menkaure
  4222 | D:5      | Killed Menkaure
  4223 | D:5      | Reached skill level 5 in Dodging
  4452 | D:5      | Reached skill level 8 in Ranged Weapons
  4583 | D:5      | Noticed Blork the orc
  4593 | D:5      | Killed Blork the orc
  5031 | D:6      | Found a shimmering altar of Xom.
  5153 | D:6      | Found a hazy altar of Hepliaklqana.
  5157 | D:6      | Became a worshipper of Hepliaklqana the Forgotten
  5277 | D:6      | Reached XP level 9. HP: 65/65 MP: 9/9
  5510 | D:6      | Reached skill level 9 in Ranged Weapons
  5521 | D:6      | Noticed a two-headed ogre
  5532 | D:6      | Slain by a two-headed ogre

Illustrated notes

Levels and vault maps discovered:
D:1:      minmay_arrival_loop, layout_basic, minmay_misc_feat_x,
          chequers_serial_rivers_marsh
D:2:      layout_rooms, uniq_terence
D:3:      layout_loops_ring, dk_vineyard_3, nicolae_elevator_lobby_asterisk,
          uniq_natasha, uniq_robin
D:4:      layout_rooms, mainiacjoe_overflow_24_doors, lemuel_crystal_altar,
          minmay_temple_entry_waves, serial_shops, shop, nicolae_square_shop,
          shop, nicolae_shop_overgrown_old_shop, nicolae_inconvenience_store,
          portal_sewer_entry_f, minmay_misc_feat_more_columns
D:5:      layout_basic, uniq_blork_the_orc, uniq_menkaure
D:6:      cheibrodos_fertilizer, layout_loops_corners, kennysheep_mini,
          nzn_hepliaklqana_mist_gate, serial_shops, shop, grunt_ministairs_12
Temple:   hellmonk_temple_divided_pantheon

Skill      XL: |  1  2  3  4  5  6  7  8  9 |
---------------+----------------------------+-----
Dodging        | 2 3 4 5 |  5.9
Ranged Weapons | 4 5 6 8 9 |  9.0
Fighting       | 3 |  3.9
Armour         | 1 2 |  2.0
Stealth        | |  0.7

Action                     |  1- 3 |  4- 6 |  7- 9 || total
---------------------------+-------+-------+-------++-------
   Fire: Sling             |    98 |   320 |   664 ||  1082
    Use: Scroll            |       |       |     5 ||     5
         Potion            |       |       |     1 ||     1
 Armour: Leather armour    |     5 |     4 |     4 ||    13
         Acid dragon scale |       |    51 |    77 ||   128
         Ring mail         |       |       |     4 ||     4
  Dodge: Dodged            |     6 |    49 |   101 ||   156

Table legend: (Time is in decaauts)
 A = Elapsed time spent in this place.
 B = Non-inter-level travel time spent in this place.
 C = Inter-level travel time spent in this place.
 D = Time resting spent in this place.
 E = Time spent auto-exploring this place.
 F = Levels seen in this place.
 G = Mean time per level.
                   A        B        C        D        E       F      G
               +--------+--------+--------+--------+--------+-----+--------+
         Total |   5691 |   5599 |     92 |    766 |   3546 |   8 |  711.4 |
       Dungeon |   5318 |   5226 |     92 |    766 |   3331 |   6 |  886.3 |
        Temple |      6 |      6 |      0 |      0 |      0 |   1 |    6.0 |
         Sewer |    365 |    365 |      0 |      0 |    215 |   1 |  365.0 |
               +--------+--------+--------+--------+--------+-----+--------+

Top non-repeatable levels by time:
     D:5: 1244 daAuts
     D:4: 1094 daAuts
     D:3: 989 daAuts
     D:1: 732 daAuts
     D:6: 699 daAuts
     D:2: 558 daAuts
   Sewer: 365 daAuts
  Temple: 6 daAuts
